 Dungeon Crawl Stone Soup version 0.20.0-15-g7f486f2 (webtiles) character file.

3367 manyhoops the Transmogrifier (level 9, 0/82 HPs)
             Began as a Red Draconian Transmuter on June 18, 2017.
             Was a Follower of Uskayaw.
             Hit by a tomahawk of returning thrown by an orc warrior (21 damage)
             ... on level 7 of the Dungeon.
             The game lasted 00:16:48 (8522 turns).

manyhoops the Transmogrifier (DrTm)                 Turns: 8522, Time: 00:16:49

Health: 0/82       AC:  9    Str: 15    XL:     9   Next: 73%
Magic:  14/14      EV: 12    Int: 22    God:    Uskayaw [*.....]
Gold:   458        SH:  0    Dex: 18    Spells: 4/15 levels left

rFire    + . .     SeeInvis .   q - +2 falchion of Eternal Vigilance {flame, *Rage *Slow Int+8 Dex+3}
rCold    + . .     Gourm    +   (no shield)
rNeg     . . .     Faith    .   (armour unavailable)
rPois    .         Spirit   .   (helmet restricted)
rElec    +         Reflect  .   (no cloak)
rCorr    .         Harm     .   k - +1 pair of gloves
MR       .....     Rnd*Rage +   (no boots)
Stlth    ++........             j - amulet of the gourmand
Regen    0.3/turn               w - +3 ring of dexterity
MPRegen  0.2/turn               z - ring of wizardry

@: short of breath
A: breathe fire, unfitting armour, cold resistance 1, fire resistance 1,
electricity resistance, cold-blooded, AC +7
a: Breathe Fire, Stomp, Renounce Religion


You were on level 7 of the Dungeon.
You worshipped Uskayaw.
Uskayaw was noncommittal.
You were not hungry.

You visited 1 branch of the dungeon, and saw 7 of its levels.

You collected 458 gold pieces.

Inventory:

Hand Weapons
 q - the +2 falchion of Eternal Vigilance (weapon) {flame, *Rage *Slow Int+8 Dex+3}
   (You found it on level 4 of the Dungeon)

   It has been specially enchanted to burn those struck by it, causing extra
   injury to most foes and up to half again as much damage against particularly
   susceptible opponents.
   Big, fiery blades are also staple armaments of hydra-hunters.
   It affects your intelligence (+8).
   It affects your dexterity (+3).
   It may make you go berserk in combat.
   It may slow you when you take damage.
Missiles
 a - 184 arrows
Armour
 k - a +1 pair of gloves (worn)
Jewellery
 j - an amulet of the gourmand (around neck)
 w - a +3 ring of dexterity (left hand)
 z - a ring of wizardry (right hand)
 B - an uncursed ring of magical power {unknown}
Wands
 m - a wand of iceblast (6/15)
 p - a wand of lightning (4/15)
Scrolls
 e - a scroll of fog
 g - a scroll of enchant armour
 l - 2 scrolls of teleportation
 s - 2 scrolls of remove curse
 u - a scroll of noise
 y - 2 scrolls of recharging
 A - a scroll of fear {unknown}
Potions
 c - 3 potions of haste
 d - a potion of curing
 f - a potion of magic {unknown}
 i - 4 potions of berserk rage
 n - 2 potions of lignification
 o - a potion of agility
 r - a potion of flight
Books
 b - a book of Changes

   Spells                             Type                      Level
   a - Beastly Appendage              Transmutation                1
   b - Sticks to Snakes               Transmutation                2
   c - Spider Form                    Transmutation/Poison         3
   d - Ice Form                       Ice/Transmutation            4
   e - Blade Hands                    Transmutation                5
Comestibles
 h - 3 meat rations
 t - 2 bread rations
 v - 3 royal jellies


   Skills:
 + Level 8.3 Fighting
 - Level 1.7 Dodging
 + Level 6.5 Unarmed Combat
 - Level 3.5 Spellcasting
 - Level 9.7 Transmutations


You had 4 spell levels left.
You knew the following spells:

 Your Spells              Type           Power        Failure   Level  Hunger
a - Beastly Appendage     Tmut           #####.       1%          1    None
b - Sticks to Snakes      Tmut           #####...     1%          2    ##.....
c - Spider Form           Tmut/Pois      ####......   1%          3    ###....
d - Blade Hands           Tmut           #####.....   2%          5    ######.


Dungeon Overview and Level Annotations

Branches:
Dungeon (7/15)             Temple (0/1) D:7

Altars:
Ashenzari
Cheibriados
Fedhas
Kikubaaqudgha
Okawaru
Qazlal
Uskayaw
Xom


Innate Abilities, Weirdness & Mutations

You can breathe blasts of fire.
Your fiery red scales are hard. (AC +7)
You cannot fit into any form of body armour.
Your flesh is heat resistant. (rF+)
You are cold-blooded and may be slowed by cold attacks.
Your flesh is cold resistant. (rC+)
You are resistant to electric shocks. (rElec)


Message History

You hit the orc warrior. You burn the orc warrior.
Your tail-slap misses the orc warrior.
The orc warrior is moderately wounded.
The orc warrior closely misses you.
You hit the orc warrior but do no damage.
The orc warrior is moderately wounded.
The orc warrior hits you with a flail!
You hit the orc warrior. You burn the orc warrior.
The orc warrior is moderately wounded.
The orc warrior hits you with a flail!!
Press: ? - help, Shift-Dir - straight line, f - orc warrior
Aim: an orc warrior, wielding a flail and wearing a chain mail (moderately wounded)
You breathe a blast of fire.
The fiery breath hits the orc warrior.
The orc warrior is moderately wounded.
You feel somewhat more hungry. The orc warrior hits you with a flail!!
* * * LOW HITPOINT WARNING * * *
Unknown command.
The orc warrior throws a tomahawk of returning.
The tomahawk of returning hits you!!
You die...

..# #...# #..##..##.## #.#
#.#.# #..##....... #.#
#.#.###..##....### #.#
#..............#
###.####.#..##........#
##...........##..##.#.####
#.<#..#......##..##.#.....
#.###............##.#.####
#..#..#..@...###.##.#.#
##...##.............#.#
##.#####..o..#######.# #.#
###...# #..# #.# #..ยง#
#.## ##.# ##..# #.# #..#
#.).# #.# #.## #.#.# #.#
#.# #.#.# #.#


You could see an orc warrior.

Vanquished Creatures
  Pikel (D:6)
  A hippogriff (D:7)
  The ghost of scotch the Chopper, an amateur MiBe of Trog (D:4)
  Duvessa (D:6)
  An ice beast (D:6)
  2 sky beasts (D:7)
  2 ogres (D:4)
  6 centaurs
  3 bullfrogs
  Dowan (D:6)
  2 scorpions
  5 killer bees (D:7)
  3 wights (D:7)
  4 howler monkeys
  2 crimson imps
  A hound (D:5)
  A jelly (D:5)
  A bullfrog skeleton (D:7)
  An orc priest (D:3)
  4 iguanas
  An orc wizard (D:4)
  3 worker ants
  A hound zombie (D:2)
  A gnoll (D:1)
  A worker ant zombie (D:2)
  12 adders
  3 river rats (D:4)
  2 shadow imps (D:7)
  An ooze (D:4)
  An adder zombie (D:5)
  2 adder skeletons (D:2)
  3 worms
  4 leopard geckos
  8 orcs
  A bat zombie (D:2)
  4 giant cockroaches
  10 goblins
  9 hobgoblins
  9 jackals
  A quokka (D:3)
  3 ball pythons
  12 bats
  4 frilled lizards
  5 kobolds
  2 quokka zombies
  4 rats
150 creatures vanquished.

Vanquished Creatures (collateral kills)
  An ice beast (D:5)
  An orc warrior (D:6)
  A centaur zombie (D:6)
  An orc wizard (D:6)
  An orc (D:4)
  A giant cockroach (D:2)
  A bat (D:2)
7 creatures vanquished.

Vanquished Creatures (others)
  An orc (D:6)
1 creature vanquished.

Grand Total: 158 creatures vanquished

Notes
Turn   | Place    | Note
-------+----------+-------------------------------------------
     0 | D:1      | manyhoops the Draconian Transmuter began the quest for the Orb.
     0 | D:1      | Reached XP level 1. HP: 16/16 MP: 3/3
   332 | D:1      | Reached XP level 2. HP: 20/23 MP: 3/5
   956 | D:1      | Reached XP level 3. HP: 27/28 MP: 4/6
   960 | D:1      | Learned a level 2 spell: Sticks to Snakes
   964 | D:1      | Learned a level 3 spell: Spider Form
  1525 | D:2      | Reached skill level 3 in Transmutations
  1540 | D:2      | Reached XP level 4. HP: 35/35 MP: 7/7
  2018 | D:3      | Gained mutation: Your flesh is cold resistant. (rC+) [potion of mutation]
  2018 | D:3      | Gained mutation: You are resistant to electric shocks. (rElec) [potion of mutation]
  2052 | D:3      | Reached skill level 4 in Transmutations
  2358 | D:3      | Reached XP level 5. HP: 35/40 MP: 8/8
  2999 | D:4      | Noticed an ogre
  3625 | D:4      | Noticed scotch's ghost (amateur MiBe)
  3635 | D:4      | Killed scotch's ghost
  3635 | D:4      | Reached XP level 6. HP: 43/53 MP: 9/9
  3767 | D:4      | Reached skill level 5 in Fighting
  3841 | D:4      | Your scales start taking on a fiery red colour.
  3841 | D:4      | Reached XP level 7. HP: 49/62 MP: 6/10
  3841 | D:4      | Gained mutation: Your flesh is heat resistant. (rF+) [Red Draconian growth]
  3894 | D:4      | Got a steaming falchion
  3899 | D:4      | Identified the +2 falchion of Eternal Vigilance {flame, *Rage *Slow Int+8 Dex+3} (You found it on level 4 of the Dungeon)
  4062 | D:4      | Found a blossoming altar of Fedhas.
  4340 | D:5      | Entered Level 5 of the Dungeon
  4366 | D:5      | Found a shattered altar of Ashenzari.
  4393 | D:5      | Found a stormy altar of Qazlal.
  4572 | D:5      | Found an ancient bone altar of Kikubaaqudgha.
  4716 | D:5      | Reached skill level 5 in Transmutations
  5327 | D:5      | Reached skill level 6 in Transmutations
  5327 | D:5      | Reached XP level 8. HP: 37/71 MP: 13/13
  5336 | D:5      | Learned a level 5 spell: Blade Hands
  5403 | D:6      | Found a shimmering altar of Xom.
  5404 | D:6      | Found a hide-covered altar of Uskayaw.
  5404 | D:6      | Found a snail-covered altar of Cheibriados.
  5405 | D:6      | Found an iron altar of Okawaru.
  5419 | D:6      | Became a worshipper of Uskayaw the Reveler
  5421 | D:6      | Reached * piety under Uskayaw
  5644 | D:6      | Noticed Duvessa
  5647 | D:6      | Noticed Dowan
  5656 | D:6      | Reached ** piety under Uskayaw
  5661 | D:6      | Reached *** piety under Uskayaw
  5664 | D:6      | Killed Duvessa
  5664 | D:6      | Reached skill level 7 in Transmutations
  5665 | D:6      | Reached **** piety under Uskayaw
  5675 | D:6      | Killed Dowan
  6152 | D:6      | Noticed Pikel
  6165 | D:6      | Killed Pikel
  6165 | D:6      | Reached skill level 9 in Transmutations
  6268 | D:6      | Reached XP level 9. HP: 54/78 MP: 14/14
  6800 | D:6      | Found a snail-covered altar of Cheibriados.
  7005 | D:7      | Found a staircase to the Ecumenical Temple.
  7029 | D:7      | Reached ***** piety under Uskayaw
  7357 | D:7      | Reached skill level 5 in Unarmed Combat
  8522 | D:7      | Hit by a tomahawk of returning thrown by an orc warrior

Skill      XL: |  1  2  3  4  5  6  7  8  9 |
---------------+----------------------------+-----
Unarmed Combat | 4 6 |  6.5
Transmutations | 3 4 6 9 |  9.7
Fighting       | 4 5 6 8 |  8.3
Spellcasting   | 3 |  3.5
Dodging        | |  1.7

Action                   |  1- 3 |  4- 6 |  7- 9 || total
-------------------------+-------+-------+-------++-------
Melee: Unarmed           |   150 |   274 |    11 ||   435
       Tailslap          |     9 |    27 |    49 ||    85
       Headbutt          |     5 |     5 |     5 ||    15
       Kick              |     9 |    14 |     5 ||    28
       Punch             |     1 |     1 |     4 ||     6
       Falchion          |       |       |   255 ||   255
 Cast: Beastly Appendage |    11 |    14 |     3 ||    28
       Sticks to Snakes  |       |     8 |     8 ||    16
       Spider Form       |       |     2 |       ||     2
       Blade Hands       |       |       |     1 ||     1
Invok: Stomp             |       |       |     2 ||     2
       Line Pass         |       |       |     1 ||     1
 Abil: Breathe Fire      |       |       |     5 ||     5
  Use: Scroll            |     6 |     5 |     6 ||    17
       Potion            |       |     3 |     5 ||     8
 Stab: Distracted        |       |     2 |     1 ||     3
       Sleeping          |       |     1 |     1 ||     2
       Paralysed         |       |       |     9 ||     9
  Eat: Chunk             |     2 |     5 |    21 ||    28
       Bread ration      |       |     1 |       ||     1
       Fruit             |       |     1 |       ||     1
       Royal jelly       |       |       |     1 ||     1
Armor: Skin              |    48 |   106 |   115 ||   269
Dodge: Dodged            |    96 |   169 |   224 ||   489
       Rpst.: Falchion   |       |       |    59 ||    59
